Map: Avalon Labs

Players

Rugi

  • Race: Zerg Zerg
  • League: Master
  • Spawn Location: 11:00

Loken

  • Race: Protoss Protoss
  • League: Platinum
  • Spawn Location: 12:00

dallaskuken

  • Race: Protoss Protoss
  • League: Platinum
  • Spawn Location: 12:00

Schokobär

  • Race: Terran Terran
  • League: Diamond
  • Spawn Location: 5:00

DrSmoke

  • Race: Zerg Zerg
  • Spawn Location: 6:00

DaFella

  • Race: Terran Terran
  • League: Platinum
  • Spawn Location: 6:00

VOD

Have the link to the VOD?

Description

Time

  • Played on: March 30, 2017, 6:32 p.m.
  • Length: 5:40
Show
View Real Time Build Order
Export as new Build Order

Rugi Zerg 

Build Orders: Hatch First 

Get SALT Encoding   

  12  0:00  Drone  
  13  0:12  Overlord  
  13  0:22  Overlord  
  13  0:25  Drone  
  14  0:31  Drone  
  15  0:37  Drone  
  16  0:45  Drone  
  17  1:02  Hatchery  
  16  1:05  Drone  
  16  1:07  Drone  
  16  1:10  Extractor  
  17  1:23  Spawning Pool  
  16  1:26  Drone  
  16  1:29  Drone  
  18  1:39  Drone  
  19  2:11  Queen, Zergling x6  
  19  2:12  Metabolic Boost  
  19  2:14  Queen  
  26  2:16  Drone  
  27  2:23  Drone  
  27  2:26  Overlord  
  28  2:36  Overlord  
  28  2:48  Drone x3  
  31  2:54  Queen  
  31  2:55  Queen  
  31  2:57  Drone  
  36  2:59  Drone  
  36  3:09  Zergling x4  
  36  3:22  Zergling x6  
  36  3:23  Zergling x10  
  44  3:40  Overlord  
  44  3:52  Queen  
  44  3:53  Queen  
  44  3:55  Zergling x2  
  44  3:56  Zergling x2  
  44  4:06  Zergling x2  
  44  4:07  Zergling x12  
  44  4:08  Zergling x4  
  47  4:18  Zergling x2  
  47  4:19  Zergling x2  
  45  4:31  Zergling x2  
  45  4:32  Zergling x10  
  47  4:38  Queen  
  47  4:39  Queen  
  47  4:44  Zergling x4  
  33  4:55  Zergling x4  
  32  5:05  Zergling x2  
  32  5:06  Zergling x2  
  32  5:16  Zergling x6  
  32  5:17  Zergling x6  
Show
View Real Time Build Order
Export as new Build Order

Loken Protoss 

Build Orders: Oracle Opening 

Get SALT Encoding   

  12  0:02  Probe (Chrono Boost)  
  13  0:12  Probe (Chrono Boost)  
  14  0:18  Pylon  
  14  0:25  Probe (Chrono Boost)  
  15  0:36  Probe (Chrono Boost)  
  15  0:39  Gateway  
  16  0:47  Probe (Chrono Boost)  
  17  0:53  Assimilator  
  17  0:57  Probe (Chrono Boost)  
  17  1:02  Assimilator  
  18  1:08  Probe (Chrono Boost)  
  20  1:18  Probe (Chrono Boost)  
  20  1:27  Cybernetics Core  
  20  1:28  Pylon  
  20  1:32  Probe (Chrono Boost)  
  21  1:43  Probe (Chrono Boost)  
  22  1:53  Probe (Chrono Boost)  
  23  2:04  Stargate, Probe (Chrono Boost)  
  24  2:14  Probe (Chrono Boost)  
  25  2:18  Pylon  
  25  2:33  Probe (Chrono Boost)  
  26  2:40  Nexus  
  26  2:43  Warp Gate  
  26  2:47  Oracle  
  26  2:50  Probe (Chrono Boost)  
  30  3:08  Probe (Chrono Boost)  
  31  3:14  Stalker  
  33  3:23  Void Ray  
  33  3:25  Pylon  
  15  3:53  Probe (Chrono Boost)  
  10  4:04  Probe (Chrono Boost)  
  10  4:05  Probe (Chrono Boost)  
  8  4:15  Probe (Chrono Boost)  
  8  4:16  Probe (Chrono Boost)  
  5  4:25  Probe (Chrono Boost)  
  5  4:26  Probe (Chrono Boost)  
  6  4:36  Probe (Chrono Boost)  
  6  4:37  Probe (Chrono Boost)  
  7  4:48  Probe x2 (Chrono Boost)  
  9  4:58  Probe x2 (Chrono Boost)  
  11  5:09  Probe (Chrono Boost)  
  11  5:14  Stalker  
Show
View Real Time Build Order
Export as new Build Order

dallaskuken Protoss 

Build Orders: 1 Gate Expand 

Get SALT Encoding   

  12  0:02  Probe (Chrono Boost)  
  13  0:12  Probe (Chrono Boost)  
  14  0:17  Pylon  
  14  0:29  Probe (Chrono Boost)  
  15  0:37  Gateway  
  15  0:40  Probe (Chrono Boost)  
  16  0:52  Probe (Chrono Boost)  
  17  1:13  Nexus  
  17  1:18  Probe (Chrono Boost)  
  18  1:23  Assimilator  
  18  1:35  Cybernetics Core  
  18  1:39  Probe (Chrono Boost)  
  19  1:45  Pylon  
  19  1:51  Probe (Chrono Boost)  
  20  1:58  Assimilator  
  20  2:02  Warp Gate, Probe (Chrono Boost)  
  21  2:25  Probe (Chrono Boost)  
  21  2:29  Adept  
  24  2:31  Probe (Chrono Boost)  
  25  2:42  Probe (Chrono Boost)  
  26  2:52  Probe (Chrono Boost)  
  26  2:54  Gateway  
  28  2:58  Probe (Chrono Boost)  
  28  3:03  Probe (Chrono Boost)  
  29  3:07  Adept  
  29  3:10  Probe (Chrono Boost)  
  32  3:13  Probe (Chrono Boost)  
  33  3:39  Stalker  
  31  3:43  Stalker  
  31  3:46  Probe (Chrono Boost)  
  36  3:56  Probe (Chrono Boost)  
  37  4:05  Zealot  
  37  4:07  Probe (Chrono Boost)  
  38  4:13  Zealot  
  40  4:17  Probe (Chrono Boost)  
  37  4:28  Probe (Chrono Boost)  
  16  4:39  Probe (Chrono Boost)  
  17  4:56  Probe (Chrono Boost)  
  17  4:59  Zealot  
  16  5:08  Probe (Chrono Boost)  
  13  5:19  Zealot  
  13  5:20  Probe (Chrono Boost)  
  15  5:29  Pylon  
  15  5:30  Pylon  
Show
View Real Time Build Order
Export as new Build Order

Schokobär Terran 

Build Orders: Cyclone Opening 

Get SALT Encoding   

  12  0:00  SCV  
  13  0:13  SCV  
  14  0:18  Supply Depot  
  14  0:25  SCV  
  15  0:29  Refinery  
  15  0:40  SCV  
  16  0:47  Barracks  
  16  0:52  SCV  
  18  1:04  SCV  
  18  1:16  SCV  
  19  1:33  Orbital Command  
  19  1:34  Marine  
  20  1:40  Factory  
  20  1:43  Refinery  
  20  1:44  Supply Depot  
  20  1:51  Marine  
  21  1:59  SCV  
  22  2:11  SCV, Marine  
  24  2:19  Supply Depot  
  24  2:27  Cyclone  
  24  2:29  Marine  
  27  2:32  Starport  
  27  2:36  SCV  
  29  2:42  Supply Depot  
  29  2:47  Marine  
  29  2:48  SCV  
  31  3:00  SCV, Cyclone  
  35  3:07  Supply Depot  
  35  3:11  Marine  
  35  3:12  Medivac  
  38  3:21  SCV, Engineering Bay  
  39  3:29  Marine  
  38  3:54  Marine, Cyclone  
  38  3:55  SCV, Medivac  
  43  4:00  Supply Depot  
  43  4:08  Liberator  
  43  4:11  Marine  
  40  4:29  Marine  
  41  4:37  SCV  
  41  4:39  Cyclone  
  44  4:47  Marine, Supply Depot  
  44  4:50  SCV  
  44  4:52  Command Center  
  43  5:05  Marine  
  43  5:06  SCV  
  45  5:14  Barracks  
  45  5:17  Barracks  
  51  5:39  Barracks Tech Lab  
Show
View Real Time Build Order
Export as new Build Order

DrSmoke Zerg 

Build Orders: Hatch First 

Get SALT Encoding   

  12  0:01  Drone  
  13  0:12  Overlord  
  13  0:17  Drone  
  14  0:31  Drone x2  
  14  0:35  Drone  
  17  0:53  Hatchery  
  16  0:57  Drone  
  17  1:10  Spawning Pool  
  16  1:12  Drone  
  16  1:15  Extractor  
  16  1:18  Drone  
  17  1:21  Drone  
  18  1:30  Drone  
  19  1:41  Drone  
  20  1:52  Overlord  
  20  1:57  Queen  
  22  2:05  Queen  
  22  2:08  Drone x2  
  26  2:15  Metabolic Boost  
  26  2:18  Zergling x2  
  26  2:20  Zergling x2  
  28  2:24  Zergling x2  
  29  2:30  Zergling x2  
  29  2:34  Overlord  
  30  2:39  Zergling x2  
  31  2:44  Zergling x2  
  31  2:48  Baneling Nest  
  31  2:49  Drone  
  32  2:57  Zergling x2  
  33  3:07  Zergling x8  
  33  3:08  Zergling x2  
  38  3:13  Zergling x6  
  38  3:17  Zergling x2  
  42  3:23  Overlord  
  42  3:24  Overlord  
  42  3:39  Zergling x2  
  42  3:40  Zergling x2  
  44  3:46  Zergling x4  
  44  3:47  Zergling x8  
  49  3:54  Zergling x6  
  46  4:05  Zergling x4  
  44  4:15  Zergling x2  
  44  4:16  Zergling x2  
  44  4:19  Zergling x6  
  45  4:36  Zergling x8  
  44  4:43  Zergling x2  
  44  4:50  Zergling x14  
  44  4:51  Zergling x2  
  47  5:01  Zergling x2  
  41  5:16  Zergling x6  
  43  5:23  Zergling x2  
  43  5:24  Baneling  
  43  5:25  Baneling x3  
Show
View Real Time Build Order
Export as new Build Order

DaFella Terran 

Build Orders: Cyclone Opening 

Get SALT Encoding   

  12  0:01  SCV  
  13  0:13  SCV  
  14  0:17  Supply Depot  
  14  0:27  Refinery  
  14  0:28  SCV  
  15  0:40  SCV  
  16  0:45  Barracks  
  16  0:55  SCV  
  17  1:02  Refinery  
  17  1:07  SCV  
  18  1:19  SCV  
  19  1:32  SCV  
  20  1:35  Marine  
  21  1:41  Factory  
  21  1:44  Orbital Command  
  21  1:53  Marine  
  22  1:54  Supply Depot  
  22  2:10  SCV  
  23  2:15  Marine  
  24  2:23  SCV  
  24  2:27  Cyclone  
  28  2:33  Marine  
  29  2:38  SCV  
  29  2:41  Supply Depot  
  30  2:51  Marine  
  31  3:02  SCV, Cyclone  
  31  3:04  Supply Depot  
  32  3:14  Marine  
  32  3:17  SCV  
  34  3:22  Engineering Bay  
  34  3:34  Cyclone  
  35  3:56  Marine  
  36  4:06  Cyclone  
  36  4:08  Missile Turret  
  39  4:10  Command Center  
  39  4:14  Marine  
  39  4:38  Marine  
  36  4:39  Cyclone  
  37  4:56  Factory  
  37  5:03  Marine  
Tags
 
Add a new tag
Caveats
  • Supply blocks, unpowered buildings, or Contaminate may cause inaccurate times.
  • Supply counts are checked every 10 seconds.